 Dungeon Crawl Stone Soup version 0.29-a0-1016-g236c7fd91e (webtiles) character file.

Game seed: 8822448129572784168

18846 siradein the Cleaver (level 12, -5/107 HPs)
             Began as a Hill Orc Fighter on Aug 9, 2022.
             Was an Elder of Okawaru.
             Slain by a very large slime creature (26 damage)
             ... in an ice cave.
             The game lasted 00:31:22 (13789 turns).

siradein the Cleaver (Hill Orc Fighter)            Turns: 13789, Time: 00:31:23

Health: -5/107     AC: 37    Str: 24    XL:     12   Next: 62%
Magic:  13/15      EV: 10    Int:  8    God:    Okawaru [****..]
Gold:   617        SH: 12    Dex: 10    Spells: 11/11 levels left

rFire   . . .      SeeInvis .   i - +1 war axe (protect)
rCold   . . .      Faith    .   c - +0 buckler
rNeg    . . .      Spirit   .   E - +0 plate armour
rPois   .          Reflect  +   m - +0 helmet
rElec   .          Harm     .   (no cloak)
rCorr   +          Rampage  .   O - +2 pair of gloves
Will    .....      Clarity  +   b - +2 pair of boots
Stlth   ..........              f - amulet of reflection
HPRegen 0.27/turn               I - +4 ring of protection
MPRegen 0.14/turn               z - ring of resist corrosion

@: heroic, under a protective aura
A: clarity, shaggy fur 1
a: Renounce Religion, Heroism, Finesse


You were in an ice cave.
You worshipped Okawaru.
Okawaru was greatly pleased with you.
You visited 3 branches of the dungeon, and saw 14 of its levels.
You also visited: Ice Cave.

You collected 650 gold pieces.
You spent 33 gold pieces at shops.

Inventory:

Hand Weapons
 i - a +1 war axe of protection (weapon)
 t - the +9 hand axe of Ru's Delight {holy, rC++}
   (You found it on level 2 of the Dungeon)

   It has been blessed by the Shining One to cause great damage to the undead
   and demons.
   rC:        It greatly protects you from cold.
 K - a +0 demon trident of freezing
Missiles
 h - 8 javelins
 p - 6 datura-tipped darts
 y - 8 boomerangs (quivered)
 G - 4 throwing nets
 R - 3 atropa-tipped darts
Armour
 b - a +2 pair of boots (worn)
 c - a +0 buckler (worn)
 m - a +0 helmet (worn)
 E - a +0 plate armour (worn)
 O - a +2 pair of gloves (worn)
Jewellery
 e - an amulet of guardian spirit
 f - an amulet of reflection (around neck)
 j - a ring of ice
 q - a ring of positive energy
 u - a ring of magical power
 z - a ring of resist corrosion (right hand)
 I - a +4 ring of protection (left hand)
 M - a +6 ring of dexterity
Wands
 H - a wand of flame (16)
 J - a wand of mindburst (27)
 N - a wand of digging (4)
 Q - a wand of light (1)
Scrolls
 g - a scroll of fog
 l - 6 scrolls of amnesia
 s - 4 scrolls of teleportation
 C - 2 scrolls of poison
Potions
 a - a potion of haste
 d - 2 potions of might
 k - a potion of flight
 n - 13 potions of curing
 o - a potion of ambrosia
 v - 2 potions of heal wounds
 w - a potion of cancellation {unknown}
 x - 3 potions of lignification
 B - 2 potions of attraction {unknown}
 D - 5 potions of invisibility
 F - a potion of mutation
 L - a potion of resistance {unknown}
 P - a potion of brilliance
Miscellaneous
 A - a lightning rod (4/4)


   Skills:
 + Level 10.3(15.3) Fighting
 + Level 13.4(18.4) Axes
 + Level 7.2(12.2) Throwing
 + Level 9.5(14.5) Armour
 + Level 4.5(9.5) Dodging
 + Level 9.5(14.5) Shields
 + Level 4.5 Invocations
 + Level 3.9 Evocations


You had 11 spell levels left.
You didn't know any spells.
Your spell library contained the following spells:

 Spells                   Type           Power      Damage    Failure   Level
 Magic Dart               Conj           0%         1d3       99%         1
 Sandblast                Erth           0%         2d4       99%         1
 Blink                    Tloc           0%         N/A       99%         2
 Passwall                 Tmut/Erth      0%         N/A       99%         2
 Searing Ray              Conj           0%         2d4       99%         2
 Static Discharge         Conj/Air       0%         3-3/arc   99%         2
 Conjure Flame            Conj/Fire      0%         6-21      100%        3
 Ignite Poison            Fire/Tmut/Pois 0%         N/A       100%        3
 Stone Arrow              Conj/Erth      0%         3d7       100%        3
 Fulminant Prism          Conj/Hex       0%         3d6       100%        4
 Sticky Flame             Conj/Fire      0%         2d3       100%        4
 Lightning Bolt           Conj/Air       0%         1d11      100%        5
 Manifold Assault         Tloc           0%         N/A       100%        5
 Storm Form               Tmut/Air       0%         N/A       100%        7
 Maxwell's Capacitive Co  Air            0%         ∞         100%        8
 Animate Dead             Necr           Unusable   N/A       N/A         4
 Haunt                    Necr/Summ      Unusable   N/A       N/A         7
 Infestation              Necr           Unusable   N/A       N/A         8

Dungeon Overview and Level Annotations

Branches:
Dungeon (12/15)            Temple (1/1) D:4            Lair (1/5) D:11
    Orc (0/2) D:12          IceCv (1/1)

Altars:
Ashenzari
Cheibriados
Dithmenos
Elyvilon
Fedhas
Gozag
Hepliaklqana
Kikubaaqudgha
Makhleb
Nemelex Xobeh
Okawaru
Qazlal
Ru
Sif Muna
Trog
Uskayaw
Vehumet
Wu Jian
Xom
Yredelemnul
Zin
The Shining One

Shops:
D:3 ?   D:7 (


Innate Abilities, Weirdness & Mutations

You possess an exceptional clarity of mind.
You are covered in fur. (AC +1)


Message History

The slime creature is heavily wounded.
You block the slime creature's attack.
You barely miss the slime creature.
The slime creature is heavily wounded.
The slime creature hits you but does no damage.
The slime creature hits you but does no damage.
You are too injured to fight recklessly!
Two slime creatures merge to form a large slime creature.
You slash the large slime creature!
Your weapon exudes an aura of protection.
The large slime creature is lightly wounded.
You block the large slime creature's attack.
You barely miss the large slime creature.
The large slime creature is lightly wounded.
You slash the large slime creature!
The large slime creature is lightly wounded.
The large slime creature barely misses you.
Two slime creatures merge to form a very large slime creature.
You hit the very large slime creature but do no damage.
The very large slime creature is lightly wounded.
You barely miss the very large slime creature.
The very large slime creature is lightly wounded.
The very large slime creature hits you!!!
* * * LOW HITPOINT WARNING * * *
You slice the very large slime creature!!
The very large slime creature is moderately wounded.
You block the very large slime creature's attack.
You feel much better. The very large slime creature hits you.
You hit the very large slime creature.
The very large slime creature is moderately wounded.
You hit the very large slime creature.
The very large slime creature is moderately wounded.
The very large slime creature hits you!
You slash the very large slime creature!
The very large slime creature is moderately wounded.
The very large slime creature hits you!!
* * * LOW HITPOINT WARNING * * *
You gain the combat prowess of a mighty hero.
The very large slime creature hits you!!
You die...

##..##.##..##.
#J.##..##..##.
#..#.))#...##.
##.##..##...##.
#..##..#..Z.##. ###
#..#..##J.####.
##.####.##..#...# #.
#...##..#..##..## #.
#∩∩.@J..#..##..# ##.
#...##..#...#..## #.J
##.####.##..##..###.Z
### #..#..##..##.J.
#..##.##.J.#...
##..#..##......
#..#...##....#
#..##...#....#
##..#...##..##


You could see a very large slime creature.

Vanquished Creatures
  2 quicksilver oozes (IceCv)
  Harold (D:10)
  2 two-headed ogres (D:10)
  A manticore (D:11)
  An ugly thing (D:9)
  3 cyclopes
  An ice statue (IceCv)
  An efreet (D:9)
  4 kobold demonologists
  3 trolls
  Grinder (D:3)
  A hornet (D:8)
  10 slime creatures
  2 shadows
  A wraith (D:10)
  15 yaks
  A wyvern (D:10)
  A basilisk (D:9)
  Menkaure (D:7)
  2 steam dragons
  Duvessa (D:7)
  6 water moccasins
  2 orc warriors
  2 ice beasts (D:6)
  4 sky beasts
  4 ogres
  A great orb of eyes simulacrum (IceCv)
  3 phantoms
  A centaur (D:10)
  5 slime creature simulacra (IceCv)
  Blork the orc (D:5)
  12 kobold brigands
  3 bullfrogs
  4 glowing shapeshifter simulacra (IceCv)
  4 scorpions
  Dowan (D:7)
  14 killer bees
  3 howler monkeys
  5 orc priests
  8 hounds
  2 jellies
  A gnoll bouda (D:7)
  4 iguanas
  6 orc wizards
  6 shapeshifter simulacra (IceCv)
  Robin (D:3)
  5 gnolls (D:7)
  9 river rats (D:5)
  15 adders
  A shadow imp (D:5)
  16 white imps
  3 ufetubi
  A worm (D:2)
  3 dart slugs
  22 orcs
  6 ball pythons
  6 endoplasms
  4 giant cockroaches
  8 goblins
  A hobgoblin (D:3)
  7 jackals
  33 kobolds
  9 quokkas
  8 bats
  4 frilled lizards
  13 rats
332 creatures vanquished.

Vanquished Creatures (others)
  A plant (Lair:1)
1 creature vanquished.

Grand Total: 333 creatures vanquished

Notes
Turn   | Place    | Note
-------+----------+-------------------------------------------
     0 | D:1      | siradein the Hill Orc Fighter began the quest for the Orb.
     0 | D:1      | Reached XP level 1. HP: 19/19 MP: 1/1
   213 | D:1      | Reached skill level 3 in Axes
   213 | D:1      | Reached XP level 2. HP: 25/27 MP: 2/2
   476 | D:1      | Found a faded altar of an unknown god.
   611 | D:1      | Reached XP level 3. HP: 28/33 MP: 3/3
   907 | D:2      | Reached skill level 4 in Axes
   995 | D:2      | Reached skill level 5 in Axes
   995 | D:2      | Reached XP level 4. HP: 35/40 MP: 4/4
  1354 | D:2      | Reached skill level 6 in Axes
  1387 | D:2      | Reached XP level 5. HP: 46/46 MP: 5/5
  1387 | D:2      | Identified the +9 hand axe of Ru's Delight {holy, rC++}
  2004 | D:3      | Found Ibiesuto's Magic Scroll Shoppe.
  2014 | D:3      | Bought a scroll of identify for 22 gold pieces
  2014 | D:3      | Bought a scroll of noise for 11 gold pieces
  2192 | D:3      | Noticed Robin
  2202 | D:3      | Killed Robin
  2362 | D:3      | Found a glowing silver altar of Zin.
  2362 | D:3      | Found a white marble altar of Elyvilon.
  2362 | D:3      | Found a snail-covered altar of Cheibriados.
  2362 | D:3      | Found a burning altar of Makhleb.
  2423 | D:3      | Noticed Grinder
  2427 | D:3      | Paralysed by Grinder for 2 turns
  2432 | D:3      | Killed Grinder
  2433 | D:3      | Reached skill level 8 in Axes
  2433 | D:3      | Reached XP level 6. HP: 50/52 MP: 6/6
  2714 | D:4      | Found a staircase to the Ecumenical Temple.
  2726 | D:3      | Reached XP level 7. HP: 59/59 MP: 7/7
  2734 | Temple   | Entered the Ecumenical Temple
  2876 | D:4      | Reached skill level 9 in Axes
  2876 | D:4      | Reached skill level 1 in Throwing
  3311 | D:5      | Entered Level 5 of the Dungeon
  3473 | D:5      | Reached XP level 8. HP: 67/67 MP: 8/8
  3504 | D:5      | Reached skill level 5 in Fighting
  3769 | D:5      | Noticed Blork the orc
  3783 | D:5      | Killed Blork the orc
  3953 | D:5      | Reached skill level 5 in Shields
  4054 | D:5      | Reached skill level 5 in Armour
  4065 | D:5      | Reached skill level 10 in Axes
  4416 | D:5      | Found an ornate altar of the Wu Jian Council.
  4749 | D:6      | Reached XP level 9. HP: 75/75 MP: 9/9
  5530 | D:6      | Reached skill level 11 in Axes
  5661 | D:6      | Found a sparkling altar of Nemelex Xobeh.
  5736 | D:7      | Noticed Duvessa
  5740 | D:7      | Noticed Dowan
  5747 | D:7      | Killed Duvessa
  5752 | D:7      | Killed Dowan
  5787 | D:7      | Noticed Menkaure
  5810 | D:7      | Killed Menkaure
  5860 | D:7      | Reached XP level 10. HP: 69/86 MP: 10/10
  6039 | D:7      | Found a shimmering blue altar of Sif Muna.
  6080 | D:7      | Found a broken altar of Ashenzari.
  6353 | D:7      | Found Poaxtabu's Weapon Emporium.
  6443 | D:7      | Reached skill level 5 in Throwing
  6601 | D:7      | Found a bloodstained altar of Trog.
  6891 | D:8      | Noticed a kobold demonologist
  6923 | D:8      | Killed a kobold demonologist
  6924 | D:8      | Reached skill level 1 in Dodging
  7128 | D:8      | Found an ancient bone altar of Kikubaaqudgha.
  8254 | D:8      | Found a radiant altar of Vehumet.
  8690 | D:8      | Reached skill level 12 in Axes
  8873 | D:9      | Noticed a kobold demonologist
  8873 | D:9      | Noticed a kobold demonologist
  8875 | D:9      | Noticed a cyan ugly thing
  8885 | D:9      | Reached XP level 11. HP: 93/95 MP: 11/11
  8899 | D:9      | Killed a cyan ugly thing
  9745 | D:10     | Entered Level 10 of the Dungeon
  9780 | D:10     | Found a basalt altar of Yredelemnul.
  9865 | D:10     | Noticed a two-headed ogre
  9881 | D:10     | Killed a two-headed ogre
  9882 | D:10     | Reached skill level 1 in Evocations
 10257 | D:10     | Found a bloodstained altar of Trog.
 10257 | D:10     | Found an iron altar of Okawaru.
 10270 | D:10     | Became a worshipper of Warmaster Okawaru
 10469 | D:10     | Noticed a two-headed ogre
 10484 | D:10     | Killed a two-headed ogre
 10485 | D:10     | Reached skill level 1 in Invocations
 10713 | D:10     | Noticed Harold
 10731 | D:10     | Killed Harold
 10731 | D:10     | Reached * piety under Okawaru
 11219 | D:11     | Noticed a manticore
 11244 | D:11     | Killed a manticore
 11244 | D:11     | Reached ** piety under Okawaru
 11281 | D:11     | Noticed a cyclops
 11285 | D:11     | Gained mutation: You are frail. (-10% HP) [potion of
                  | mutation]
 11285 | D:11     | Gained mutation: Your mind is acute. (Int +4, Str/Dex -1)
                  | [potion of mutation]
 11286 | D:11     | Lost mutation: You are frail. (-10% HP) [potion of
                  | mutation]
 11286 | D:11     | Lost mutation: Your mind is acute. (Int +4, Str/Dex -1)
                  | [potion of mutation]
 11286 | D:11     | Gained mutation: You possess an exceptional clarity of
                  | mind. [potion of mutation]
 11286 | D:11     | Gained mutation: You are covered in fur. (AC +1) [potion of
                  | mutation]
 11384 | D:11     | Reached skill level 13 in Axes
 11384 | D:11     | Reached XP level 12. HP: 106/106 MP: 13/13
 11437 | D:11     | Found a staircase to the Lair.
 11727 | D:11     | You fall into a shaft and drop 1 floor!
 11746 | D:12     | Found a staircase to the Orcish Mines.
 12506 | Lair:1   | Entered Level 1 of the Lair of Beasts
 12684 | Lair:1   | Found a frozen archway.
 12708 | IceCv    | Entered an ice cave
 12738 | IceCv    | Reached skill level 10 in Fighting
 12957 | IceCv    | Reached *** piety under Okawaru
 13101 | IceCv    | Noticed a quicksilver ooze
 13116 | IceCv    | Killed a quicksilver ooze
 13376 | IceCv    | Noticed a quicksilver ooze
 13387 | IceCv    | Killed a quicksilver ooze
 13686 | IceCv    | Reached **** piety under Okawaru
 13692 | IceCv    | Received a gift from Okawaru
 13789 | IceCv    | Slain by a very large slime creature

Illustrated notes

Levels and vault maps discovered:
D:1:      dpeg_arrival_three_same_balls, layout_basic,
          hellmonk_ecumenical_altar_inner_sanctum
D:2:      layout_loops_ring
D:3:      layout_loops_ring, chequers_temple_overflow_statue_of_worship,
          serial_shops, shop_fountains, uniq_grinder, uniq_robin
D:4:      layout_cave_pools, minmay_temple_entry_purple_smoke, st_stairs_4
D:5:      lemuel_ratsnest, layout_basic, pdpol_wu_jian_five_deadly_venoms,
          uniq_blork_the_orc
D:6:      minmay_octagon_keep, layout_rooms, mainiacjoe_overflow_alcove_1,
          minmay_door_square
D:7:      layout_basic, mainiacjoe_overflow_paths, serial_shops,
          nicolae_shop_bloodbath_and_beyond, hangedman_feature_mirror,
          uniq_duvessa, uniq_menkaure
D:8:      layout_basic, mainiacjoe_overflow_surrounded_room, marbit_many_paths,
          special_room [special_room_kobold]
D:9:      layout_roguey, minmay_radiant
D:10:     cheibrodos_elevator_heist, layout_gridville,
          yredelemnul_altar_generic, grunt_temple_overflow_bloody_war,
          uniq_harold
D:11:     layout_basic, lair_entry_dummy
D:12:     layout_basic, serial_shops, shop, nicolae_elevator_lobby_asterisk
Temple:   hellmonk_temple_beads
Lair:1:   layout_loops_ring, portal_ice_cave_entry_imps,
          minmay_lair_oklob_items, st_stairs_5, uniq_joseph
IceCv:    ice_cave_hellmonk_azure_passage

Skill      XL: |  1  2  3  4  5  6  7  8  9 10 11 12 |
---------------+-------------------------------------+-----
Axes           | 3 5 6 8 9 10 11 12 13 | 13.4
Fighting       | 4 6 7 8 9 10 | 10.3
Throwing       | 1 3 4 5 6 7 |  7.2
Shields        | 4 5 6 8 9 |  9.5
Armour         | 4 5 6 8 9 |  9.5
Dodging        | 2 3 4 |  4.5
Evocations     | 2 3 |  3.9
Invocations    | 2 4 |  4.5

Action                   |  1- 3 |  4- 6 |  7- 9 | 10-12 || total
-------------------------+-------+-------+-------+-------++-------
Melee: War axe           |    65 |    33 |       |   227 ||   325
       Hand axe          |       |    68 |   298 |   372 ||   738
Throw: Boomerang         |       |       |       |    25 ||    25
Invok: Heroism           |       |       |       |     4 ||     4
  Use: Scroll            |       |     4 |     2 |    20 ||    26
       Potion            |       |       |       |     7 ||     7
Armor: Scale mail        |    28 |    29 |    37 |       ||    94
       Plate armour      |       |       |    60 |   248 ||   308
Dodge: Dodged            |    16 |    25 |    81 |   119 ||   241
Block: Buckler           |    29 |    41 |    61 |   227 ||   358
       Reflection        |       |       |       |     8 ||     8

Table legend: (Time is in decaauts)
 A = Elapsed time spent in this place.
 B = Non-inter-level travel time spent in this place.
 C = Inter-level travel time spent in this place.
 D = Time resting spent in this place.
 E = Time spent auto-exploring this place.
 F = Levels seen in this place.
 G = Mean time per level.
                   A        B        C        D        E       F      G
               +--------+--------+--------+--------+--------+-----+--------+
         Total |  13649 |  13068 |    581 |     56 |  10788 |  15 |  909.9 |
       Dungeon |  12297 |  11728 |    569 |      0 |   9858 |  12 | 1024.8 |
        Temple |    110 |     98 |     12 |      0 |     87 |   1 |  110.0 |
          Lair |    195 |    195 |      0 |      0 |     98 |   1 |  195.0 |
      Ice Cave |   1046 |   1046 |      0 |     56 |    745 |   1 | 1046.0 |
               +--------+--------+--------+--------+--------+-----+--------+

Top non-repeatable levels by time:
     D:8: 1776 daAuts
    D:10: 1388 daAuts
     D:6: 1292 daAuts
    D:11: 1286 daAuts
     D:5: 1134 daAuts
   IceCv: 1046 daAuts
     D:9: 1027 daAuts
     D:7: 995 daAuts
     D:2: 963 daAuts
     D:3: 954 daAuts
     D:1: 894 daAuts
     D:4: 516 daAuts
  Lair:1: 195 daAuts
  Temple: 110 daAuts
    D:12: 68 daAuts
